 Dungeon Crawl Stone Soup version 0.27-a0-604-g29a88b33a7 (webtiles) character file.

Game seed: 12336579802861431016

750 HoaS the Ruffian (level 7, 0/57 HPs)
             Began as a Demigod Gladiator on Mar 13, 2021.
             Killed by divine providence
             ... invoked by an orc priest
              (9 damage)
             ... on level 5 of the Dungeon.
             The game lasted 00:09:55 (4710 turns).

HoaS the Ruffian (Demigod Gladiator)                Turns: 4710, Time: 00:09:55

Health: 0/57       AC: 14    Str: 23    XL:     7   Next: 24%
Magic:  9/9        EV:  7    Int: 10    God:
Gold:   310        SH:  0    Dex: 15    Spells: 6/6 levels left

rFire    . . .     SeeInvis .     - Unarmed
rCold    + . .     Faith    .   (no shield)
rNeg     + . .     Spirit   .   j - +0 plate armour
rPois    .         Reflect  .   b - +2 helmet
rElec    .         Harm     .   g - scarf {repulsion}
rCorr    .         Rampage  .   (no gloves)
Will     .....                  (no boots)
Stlth    ..........             (no amulet)
HPRegen  0.19/turn              f - ring of protection from cold
MPRegen  0.11/turn              n - ring of positive energy

@: repel missiles
A: high mp 1, forlorn
a: no special abilities


You were on level 5 of the Dungeon.
You visited 1 branch of the dungeon, and saw 6 of its levels.

You collected 310 gold pieces.

Inventory:

Armour
 b - a +2 helmet (worn)
 g - a scarf of repulsion (worn)
 j - a +0 plate armour (worn)
Jewellery
 f - a ring of protection from cold (right hand)
 m - a ring of poison resistance
 n - a ring of positive energy (left hand)
Wands
 p - a wand of mindburst (15)
Scrolls
 a - a scroll of fear
 d - 4 scrolls of magic mapping
 q - 2 scrolls of enchant armour
Potions
 e - 3 potions of curing
 h - a potion of attraction
 i - 2 potions of heal wounds
 l - 2 potions of flight
 r - a potion of lignification
 s - a potion of mutation {unknown}


   Skills:
 + Level 3.3 Fighting
 - Level 1.7 Throwing
 + Level 3.3 Armour
 + Level 3.3 Dodging
 * Level 6.3 Unarmed Combat


You had 6 spell levels left.
You didn't know any spells.
Your spell library was empty.

Dungeon Overview and Level Annotations

Branches:
Dungeon (6/15)
 Temple: D:4-7


Innate Abilities, Weirdness & Mutations

Your attributes grow dramatically as you level up.
You have an increased reservoir of magic. (+10% MP)
You shall have no god before yourself.


Message History

The orc priest is almost dead.
The orc priest calls down the wrath of Beogh upon you.
You struggle to resist.
You barely miss the orc priest.
The orc priest is almost dead.
The orc priest hits you but does no damage.
The orc barely misses you.
You punch the orc priest!
You kill the orc priest!
The orc priest casts a cantrip, but nothing happens.
The orc priest barely misses you. The orc barely misses you.
You barely miss the orc priest.
The orc priest begins to cast a cantrip, but forgets the words!
You barely miss the orc priest.
The orc priest hits you with a +0 falchion.
* * * LOW HITPOINT WARNING * * *
The orc hits you but does no damage.
You hit the orc priest but do no damage.
The orc priest hits you but does no damage.
You partially resist.
You punch the orc priest!
The orc priest is heavily wounded.
The orc hits you.
* * * LOW HITPOINT WARNING * * *
The orc priest calls down the wrath of Beogh upon you.
You struggle to resist.
The orc priest hits you but does no damage.
You partially resist.
You barely miss the orc priest.
The orc priest is heavily wounded.
The orc hits you but does no damage.
The orc priest hits you but does no damage.
You punch the orc priest!
The orc priest is almost dead.
The orc priest looks encouraged for a moment.
The orc hits you.
* * * LOW HITPOINT WARNING * * *
The orc priest invokes the aid of Beogh against you.
Beogh smites you!
You die...

#####..## #....
##..# ##..... #...#
.......
#######..####.......
.........#..........
....................
....................
....................
.#.....o@...####....
#......oo..## ###.
.........### #
..>....### ## .....#
.. ..... .. .... .>
.... .. ..


You could see 2 orc priests and an orc.

Vanquished Creatures
  Duvessa (D:5)
  An ogre (D:4)
  Dowan (D:5)
  2 howler monkeys (D:5)
  A bullfrog zombie (D:5)
  3 orc priests (D:5)
  An iguana (D:5)
  3 orc wizards (D:5)
  2 worker ants (D:5)
  A hound zombie (D:5)
  4 adders
  A shadow imp (D:5)
  A white imp (D:6)
  An ooze (D:1)
  3 worms
  A dart slug (D:3)
  3 leopard geckos
  6 orcs
  4 ball pythons
  4 giant cockroaches
  9 goblins
  3 hobgoblins
  2 jackals (D:1)
  4 quokkas
  4 bats
  4 frilled lizards
  13 kobolds
  A leopard gecko skeleton (D:3)
  2 quokka skeletons
  9 rats
95 creatures vanquished.

Notes
Turn   | Place    | Note
-------+----------+-------------------------------------------
     0 | D:1      | HoaS the Demigod Gladiator began the quest for the Orb.
     0 | D:1      | Reached XP level 1. HP: 17/17 MP: 3/3
   108 | D:1      | Reached skill level 3 in Unarmed Combat
   265 | D:1      | Reached XP level 2. HP: 21/24 MP: 4/4
  1168 | D:2      | Reached XP level 3. HP: 29/29 MP: 5/5
  1180 | D:2      | Reached skill level 4 in Unarmed Combat
  2647 | D:3      | You fall into a shaft and drop 3 floors!
  2652 | D:6      | Reached XP level 4. HP: 36/36 MP: 6/6
  2659 | D:5      | Entered Level 5 of the Dungeon
  2672 | D:5      | Reached skill level 5 in Unarmed Combat
  2701 | D:5      | Reached XP level 5. HP: 37/41 MP: 7/7
  2768 | D:5      | Identified the +4 leather armour of the Vacuum {-Tele rN+
                  | Int+3 Stlth+}
  2791 | D:4      | Noticed an ogre
  2801 | D:4      | Killed an ogre
  2802 | D:4      | Reached skill level 6 in Unarmed Combat
  2832 | D:4      | Identified the +5 shortbow "Naluliot" {vorpal, Int+5
                  | Stlth+}
  2849 | D:3      | Reached skill level 1 in Armour
  2881 | D:3      | Reached XP level 6. HP: 41/48 MP: 8/8
  4504 | D:5      | Noticed Duvessa
  4506 | D:5      | Noticed Dowan
  4531 | D:5      | Killed Duvessa
  4532 | D:5      | Reached XP level 7. HP: 36/57 MP: 9/9
  4535 | D:5      | Killed Dowan
  4710 | D:5      | Killed from afar by an orc priest

Illustrated notes

Levels and vault maps discovered:
D:1:      wheals_arrival_shading, layout_loops_corners, xom_teletrap_fun
D:2:      layout_basic
D:3:      layout_basic, vehumet_crystals, serial_forest,
          infiniplex_forest_lined_3, infiniplex_forest_corner_1,
          infiniplex_forest_lined_corner, infiniplex_forest_straight_3,
          infiniplex_forest_straight_3, infiniplex_forest_lined_3,
          infiniplex_forest_lined_corner
D:4:      layout_gridville, kennysheep_mini_moat
D:5:      layout_cave_pods, chequers_avenue, uniq_duvessa
D:6:      layout_gridville, nicolae_dithmenos_the_darkroom,
          minmay_temple_entry_antechambers, gammafunk_ghost_stat_death

Skill      XL: |  1  2  3  4  5  6 |
---------------+-------------------+-----
Unarmed Combat | 3 4 5 6 |  6.3
Fighting       | 2 3 |  3.3
Dodging        | 3 |  3.3
Armour         | 1 3 |  3.3
Throwing       | |  1.7

Action                   |  1- 3 |  4- 6 |  7- 9 || total
-------------------------+-------+-------+-------++-------
Melee: Unarmed           |   206 |   212 |    18 ||   436
       Punch             |     1 |     4 |     2 ||     7
Throw: Throwing net      |       |     3 |       ||     3
  Use: Scroll            |     9 |     6 |       ||    15
       Potion            |       |     2 |       ||     2
 Stab: Held in net/web   |       |     5 |       ||     5
Armor: Leather armour    |     8 |       |       ||     8
       Scale mail        |    42 |       |       ||    42
       Plate armour      |    43 |   116 |    12 ||   171
Dodge: Dodged            |    84 |    59 |     4 ||   147
       Repelled          |     1 |       |       ||     1

Table legend: (Time is in decaauts)
 A = Elapsed time spent in this place.
 B = Non-inter-level travel time spent in this place.
 C = Inter-level travel time spent in this place.
 D = Time resting spent in this place.
 E = Time spent auto-exploring this place.
 F = Levels seen in this place.
 G = Mean time per level.
                   A        B        C        D        E       F      G
               +--------+--------+--------+--------+--------+-----+--------+
         Total |   4650 |   4574 |     76 |    615 |   3092 |   6 |  775.0 |
       Dungeon |   4650 |   4574 |     76 |    615 |   3092 |   6 |  775.0 |
               +--------+--------+--------+--------+--------+-----+--------+

Top non-repeatable levels by time:
     D:1: 1146 daAuts
     D:3: 1089 daAuts
     D:2: 995 daAuts
     D:5: 808 daAuts
     D:4: 600 daAuts
     D:6: 11 daAuts
